 Dungeon Crawl Stone Soup version 0.29.0-11-gd7f09526c8 (console) character file.

Game seed: 6991877564250251999

69 odiv the Magician (level 4, 0/33 HPs)
             Began as a Djinni Warper on Sept 4, 2022.
             Was an Initiate of Uskayaw.
             Killed from afar by a white imp (3 damage)
             ... with a puff of frost
             ... on level 3 of the Dungeon.
             The game lasted 00:05:35 (2778 turns).

odiv the Magician (Djinni Warper)                   Turns: 2778, Time: 00:05:35

Health: 0/33       AC:  4    Str: 10    XL:     4   Next: 42%
Gold:   33         EV: 11    Int: 17    God:    Uskayaw [......] SH:  0 Dex: 12

rFire   + + .      SeeInvis .   r - +2 mace (vorpal)
rCold   x . .      Faith    +   (no shield)
rNeg    . . .      Spirit   .   b - +0 leather armour
rPois   ∞          Reflect  .   g - +0 helmet
rElec   .          Harm     .   (no cloak)
rCorr   .          Rampage  .   (no gloves)
Will    .....                   (boots unavailable)
Stlth   +.........              k - amulet of faith
HPRegen 0.11/turn               (no ring)
MPRegen 0.00/turn               (no ring)

@: flying
A: sickness immunity, fire resistance 2, cold vulnerability 1, float, innate
caster, HP casting, extra vitality 1
a: Renounce Religion


You were on level 3 of the Dungeon.
You worshipped Uskayaw.
Uskayaw was noncommittal.
You visited 1 branch of the dungeon, and saw 3 of its levels.

You collected 73 gold pieces.
You spent 40 gold pieces at shops.

Inventory:

Hand Weapons
 a - a +0 falchion
 i - a +0 rapier
 r - a +2 vorpal mace (weapon)
 t - the +8 dagger "Menuv" {pain, *Slow rElec Str+3}
   (You found it on level 2 of the Dungeon)

   In the hands of one skilled in necromantic magic, it inflicts extra damage on
   living creatures.
   Your inability to study Necromancy prevents you from drawing on the full
   power of this weapon.
   Str:       It affects your strength (+3).
   rElec:     It insulates you from electricity.
   *Slow:     It may slow you when you take damage.
 w - a +0 spear
Missiles
 d - 7 boomerangs of dispersal
 e - 3 poisoned darts (quivered)
 f - 21 stones
Armour
 b - a +0 leather armour (worn)
 g - a +0 helmet (worn)
Jewellery
 k - an amulet of faith (around neck)
Scrolls
 c - 4 scrolls of blinking
 j - 2 scrolls of fear {unknown}
 l - a scroll of silence {unknown}
 m - a scroll of enchant weapon {unknown}
 n - 3 scrolls of teleportation {unknown}
 s - a scroll of immolation {unknown}
Potions
 h - a potion of ambrosia {unknown}
 o - a potion of brilliance {unknown}
 p - a potion of curing
 q - a potion of might {unknown}
 u - a potion of haste {unknown}
 v - 2 potions of berserk rage {unknown}


   Skills:
 - Level 2.0 Fighting
 - Level 1.7 Long Blades
 - Level 0.7 Throwing
 - Level 1.0 Armour
 - Level 2.1 Dodging
 + Level 3.8 Spellcasting


You couldn't memorise any spells.
You knew the following spells:

 Your Spells              Type           Power      Damage    Failure   Level
a - Lesser Beckoning      Tloc           16%        N/A       13%         3
b - Blink                 Tloc           32%        N/A       7%          2
c - Gell's Gravitas       Tloc           16%        N/A       13%         3
d - Teleport Other        Tloc           16%        N/A       13%         3
e - Manifold Assault      Tloc           16%        N/A       77%         5
f - Summon Small Mammal   Summ           64%        N/A       4%          1
Your spell library was empty.

Dungeon Overview and Level Annotations

Branches:
Dungeon (3/15)

Altars:
Uskayaw
The Shining One

Shops:
D:2 !

Annotations:
D:1 1 runed translucent door


Innate Abilities, Weirdness & Mutations

You are immune to sickness and miasma.
You are immune to poison.
Your flesh is very heat resistant. (rF++)
You are vulnerable to cold. (rC-)
You float through the air rather than walking.
You learn spells naturally, not from books.
Your magical power is your life essence.
You have superior vitality. (+4 MHP)


Message History

HP restored.
You see here a +0 war axe.
e - 3 poisoned darts (gained 1)
Found a spear.
Found a club.
You see here a +0 spear.
w - a +0 spear You see here a +0 club.
A hobgoblin zombie comes into view.
An orc skeleton and an orc zombie come into view.
Found a small steel ring.
A white imp comes into view.
Found a glowing golden altar of the Shining One.
The white imp shouts, "Get thee gone, thou defiled unchin-snouted fleecer!"
A goblin skeleton comes into view.
You sock the orc skeleton!
You destroy the orc skeleton!
The white imp gestures at you. The puff of frost hits you!
You feel a terrible chill!
A goblin skeleton comes into view.
The orc zombie barely misses you.
You hit the orc zombie.
The orc zombie is severely damaged.
A frilled lizard comes into view.
The orc zombie barely misses you.
You stomp with the beat, sending a shockwave through the revellers around you!
The white imp is moderately wounded.
You can no longer stomp with the beat.
The white imp gestures at you. The puff of frost misses you.
Unknown command.
You hit the white imp.
The white imp is almost dead.
The white imp gestures at you. The puff of frost hits you!!
You feel a terrible chill!
Ouch! That really hurt!
* * * LOW HITPOINT WARNING * * *
The white imp gestures at you. The puff of frost hits you.
You feel a terrible chill!
You die...

######## #.. #......
#..# #..... #..# #....#
#..# ######.#..# .#+
#..# .....#.#..#....
#..# #.......#...
#..##########ZZ......_
#........).@5l#=.#..Z.
#######.##########.#..#
. ##......# #.Z..#
.#.###### ##....
..#.######## ......
.###.......# #..... ##
##.####.# ####.#
.###.## #.# .)#.## #.#


You could see a white imp, a hobgoblin zombie, an orc zombie, a frilled lizard
and a goblin skeleton.

Vanquished Creatures
  3 gnolls
  A worm (D:2)
  2 endoplasms
  A giant cockroach (D:2)
  3 goblins
  3 hobgoblins (D:1)
  4 kobolds
  A quokka (D:2)
  4 ball pythons
  3 bats
  An orc skeleton (D:3)
  A rat (D:1)
27 creatures vanquished.

Vanquished Creatures (collateral kills)
  An adder (D:2)
1 creature vanquished.

Grand Total: 28 creatures vanquished

Notes
Turn   | Place    | Note
-------+----------+-------------------------------------------
     0 | D:1      | odiv the Djinni Warper began the quest for the Orb.
     0 | D:1      | odiv set off with the following spells memorised: Blink,
                  | Lesser Beckoning, Gell's Gravitas, Teleport Other, Manifold
                  | Assault.
     0 | D:1      | Reached XP level 1. HP: 18/18 MP: 0/0
     1 | D:1      | Found a runed translucent door.
   176 | D:1      | Found a faded altar of an unknown god.
   189 | D:1      | Prayed at the altar of an unknown god.
   189 | D:1      | Became a worshipper of Uskayaw the Reveller
   189 | D:1      | Reached * piety under Uskayaw
   485 | D:1      | Reached XP level 2. HP: 23/23 MP: 0/0
   519 | D:1      | Reached ** piety under Uskayaw
   785 | D:2      | Reached skill level 3 in Spellcasting
   996 | D:2      | Found Hosok's Distillery.
  1004 | D:2      | Bought a potion of curing for 30 gold pieces
  1004 | D:2      | Bought a potion of degeneration for 10 gold pieces
  1051 | D:1      | Reached XP level 3. HP: 3/28 MP: 0/0
  1051 | D:1      | Learned a level 1 spell: Summon Small Mammal
  1604 | D:2      | Reached XP level 4. HP: 23/33 MP: 0/0
  2489 | D:2      | Identified the +8 dagger "Menuv" {pain, *Slow rElec Str+3}
  2765 | D:3      | Found a glowing golden altar of the Shining One.
  2778 | D:3      | Killed from afar by a white imp

Illustrated notes

Levels and vault maps discovered:
D:1:      dpeg_arrival_caged_fury, layout_loops_ring, basic_ecumenical_altar,
          minmay_tetromino_o2
D:2:      layout_basic, serial_shops,
          nicolae_shop_temple_entry_statues_fountains
D:3:      layout_loops_ring, nicolae_tso_besieged_by_evil, slow_altar_1

Skill      XL: |  1  2 |
---------------+-------+-----
Spellcasting   | 3 |  3.8
Fighting       | |  2.0
Long Blades    | |  1.7
Throwing       | |  0.7
Armour         | |  1.0
Dodging        | |  2.1

Action                   |  1- 3 |  4- 6 || total
-------------------------+-------+-------++-------
Melee: Falchion          |    64 |    30 ||    94
       Mace              |       |     7 ||     7
Throw: Stone             |     4 |     2 ||     6
       Dart              |     4 |     6 ||    10
 Cast: Summon Small Mamm |       |     6 ||     6
Invok: Stomp             |     4 |     2 ||     6
 Stab: Sleeping          |     1 |       ||     1
Armor: Leather armour    |    23 |     8 ||    31
Dodge: Dodged            |    46 |    20 ||    66
